 Dungeon Crawl Stone Soup version 0.30.1-9-gdf580d7c3d (webtiles) character file.

Game seed: 10250390683702486865

78 Runnerthe2 the Insei (level 4, -2/28 HPs)
             Began as an Octopode Transmuter on Sept 27, 2023.
             Slain by a gnoll
             ... wielding a +0 whip of freezing
              (4 damage)
             ... on level 2 of the Dungeon.
             The game lasted 00:04:05 (1552 turns).

Runnerthe2 the Insei (Octopode Transmuter)          Turns: 1552, Time: 00:04:05

Health: -2/28      AC:  1    Str: 11    XL:     4   Next: 36%
Magic:  7/7        EV: 13    Int: 15    God:
Gold:   80         SH:  0    Dex: 12    Spells: 6/7 levels left

rFire   . .          .
                       - Unarmed
rCold   . . .        (no shield)
rNeg    + . .        (helmet restricted)
rPois   .            (no amulet)
rElec   .            b - ring of positive energy
rCorr   .            (no ring)
SInv    .            (no ring)
Will    .....        (no ring)
Stlth   +++          (no ring)
HPRegen 0.24/turn    (no ring)
MPRegen 0.10/turn    (no ring)
                     (no ring)

%: no passive effects
@: no status effects
A: almost no armour, amphibious, 8 rings, camouflage 1, gelatinous body 1,
(nimble swimmer 1), tentacles
a: no special abilities


You were on level 2 of the Dungeon.
You visited 1 branch of the dungeon, and saw 2 of its levels.

You collected 80 gold pieces.

Inventory:

Jewellery
 b - a ring of positive energy (left tentacle)
 l - a +6 ring of intelligence
Scrolls
 c - a scroll of fear {unknown}
 d - a scroll of noise {unknown}
 e - 3 scrolls of blinking {unknown}
 h - a scroll of identify {unknown}
 i - a scroll of silence {unknown}
Potions
 a - a potion of heal wounds {unknown}
 f - a potion of haste {unknown}
 g - a potion of brilliance {unknown}
 k - a potion of might {unknown}


   Skills:
 + Level 1.0 Fighting
 + Level 2.5 Dodging
 + Level 1.6 Stealth
 + Level 4.1 Unarmed Combat
 + Level 2.2 Spellcasting
 + Level 2.2 Transmutations


You had 6 spell levels left.
You knew the following spells:

 Your Spells              Type           Power      Damage    Failure   Level
a - Beastly Appendage     Tmut           16%        N/A       9%          1

Your spell library contained the following spells:

 Spells                   Type           Power      Damage    Failure   Level
 Wereblood                Tmut           8%         N/A       13%         2
 Spider Form              Tmut/Pois      5%         N/A       38%         3
 Ice Form                 Ice/Tmut       5%         N/A       80%         4


Dungeon Overview and Level Annotations

Branches:
Dungeon (2/15)

Altars:


Innate Abilities, Weirdness & Mutations

You cannot wear most types of armour.
You are amphibious.
You can wear up to eight rings at the same time.
Your skin changes colour to match your surroundings (Stealth+).
Your rubbery body absorbs attacks. (AC +1, EV +1)
((You are camouflaged when in or above water. (Stealth+)))
You have tentacles for arms and can constrict up to eight enemies at once.


Message History

No target in view!
No target in view!
No target in view!
No target in view!
Things that are here:
a +0 club; a +0 whip A gnoll comes into view.
It is wielding a +0 halberd.
The gnoll shouts!
A gnoll is nearby!
A gnoll is nearby! 2 gnolls come into view.
A gnoll is wielding a +0 whip of freezing.
There are monsters nearby!
The gnoll shouts! x2
The gnoll closely misses you.
You tentacle-slap the gnoll. You grab the gnoll.
The gnoll is moderately wounded.
You constrict the gnoll. You barely miss the gnoll. You squeeze the gnoll.
The gnoll is severely wounded.
You constrict the gnoll. The gnoll closely misses you.
The gnoll barely misses you.
You tentacle-slap the gnoll.
You kill the gnoll!
The gnoll hits you from afar with a +0 spear.
You closely miss the gnoll. You grab the gnoll. You constrict the gnoll.
The gnoll hits you from afar with a +0 spear.
The gnoll closely misses you.
You tentacle-slap the gnoll but do no damage.
The gnoll is lightly wounded.
You constrict the gnoll.
The gnoll hits you from afar with a +0 spear.
The gnoll hits you with a +0 whip of freezing!
* * * LOW HITPOINT WARNING * * *
The gnoll freezes you.
* * * LOW HITPOINT WARNING * * *
It was a potion of cancellation.
You feel magically purged.
You constrict the gnoll.
The gnoll hits you with a +0 whip of freezing.
You die...

#....#####........ ...
#......................
##....#####.............
.#..............#.......
.##..###........#.......
.##... .........#.......
.##.#####...............
.##.# #...........g.....
....###†........@g..#
#......)......$.....#
#..†...............?#
#...................#
#..............######
#................
#######...........
######....... #.......


You could see 2 gnolls.

Vanquished Creatures
  Robin (D:2)
  A gnoll (D:2)
  An adder (D:2)
  A dart slug (D:1)
  5 ball pythons (D:1)
  A bat (D:2)
  4 endoplasms
  8 goblins
  6 hobgoblins
  2 quokkas (D:1)
  5 frilled lizards
  3 kobolds
  4 rats
42 creatures vanquished.

Notes
Turn   | Place    | Note
-------+----------+-------------------------------------------
     0 | D:1      | Runnerthe2 the Octopode Transmuter began the quest for the
                  | Orb.
     0 | D:1      | Reached XP level 1. HP: 13/13 MP: 3/3
    97 | D:1      | Reached XP level 2. HP: 11/18 MP: 5/5
   180 | D:1      | Found a faded altar of an unknown god.
   829 | D:1      | Reached XP level 3. HP: 21/23 MP: 6/6
  1153 | D:2      | Noticed Robin
  1169 | D:2      | Reached skill level 1 in Stealth
  1175 | D:2      | Killed Robin
  1176 | D:2      | Reached skill level 4 in Unarmed Combat
  1176 | D:2      | Reached XP level 4. HP: 18/28 MP: 7/7
  1552 | D:2      | Slain by a gnoll

Illustrated notes

Levels and vault maps discovered:
D:1:      spicycebolla_arrival_clurvy, layout_basic,
          chequers_ecumenical_altar_simple, chequers_serial_rivers_micro_e,
          st_stairs_1, minivault_5
D:2:      layout_basic, corexii_leaking_fountain, uniq_robin, uniq_terence

Skill      XL: |  1  2  3 |
---------------+----------+-----
Stealth        | 1 |  1.6
Unarmed Combat | 4 |  4.1
Fighting       | |  1.0
Dodging        | |  2.5
Spellcasting   | |  2.2
Transmutations | |  2.2

Action                     |  1- 3 |  4- 6 || total
---------------------------+-------+-------++-------
  Melee: Unarmed           |    85 |    22 ||   107
         Constrict         |    16 |     4 ||    20
         Tentacles         |    10 |     5 ||    15
         Punch             |     2 |       ||     2
    Use: Potion            |     1 |     1 ||     2
   Stab: Sleeping          |     3 |       ||     3
 Armour: Skin              |    16 |       ||    16
  Dodge: Dodged            |    52 |    15 ||    67
